 Dungeon Crawl Stone Soup version 0.18-a0-846-g91b95b1 (webtiles) character file.

156 Gorice the Bolt Thrower (level 5, 0/36 HPs)
             Began as an Octopode Wanderer on Dec 20, 2015.
             Killed from afar by an orc wizard (7 damage)
             ... with a puff of frost
             ... on level 3 of the Dungeon.
             The game lasted 00:15:42 (3117 turns).

Gorice the Bolt Thrower (Octopode Wanderer)         Turns: 3117, Time: 00:15:43

Health: 0/36       AC:  1    Str: 11    XL:     5   Next: 37%
Magic:  5/5        EV: 12    Int: 14    God:
Gold:   88         SH:  0    Dex: 13    Spells: 0 memorised, 4 levels left

rFire  . . .     SeeInvis .     a - +2 dagger
rCold  . . .     Gourm    .     (no shield)
rNeg   + . .     Faith    .     (helmet restricted)
rPois  .         Spirit   .     g - amulet of rage
rElec  .         Dismiss  .     v - ring of positive energy
rCorr  .         Reflect  .     (no ring)
SustAt .         Harm     .     (no ring)
MR     .....                    (no ring)
Stlth  ++........               (no ring)
                                (no ring)
                                (no ring)
                                (no ring)

@: confused, very slightly contaminated, hasted, very quick, not resistant to
hostile enchantments, unstealthy
A: almost no armour, amphibious, 8 rings, constrict 8, camouflage 1, gelatinous
body 1
a: Evoke Berserk Rage


You were on level 3 of the Dungeon.
You were not hungry.

You visited 1 branch of the dungeon, and saw 3 of its levels.

You collected 88 gold pieces.

Inventory:

Hand Weapons
 a - a +2 dagger (weapon)
 b - a +0 hand crossbow
 h - a +1 dagger of venom
   (You found it on level 3 of the Dungeon)
 j - a +0 spear
 w - a +0 quarterstaff
Missiles
 d - 11 bolts
 i - 35 poisoned needles
 u - 22 sling bullets
 Y - a throwing net
 Z - 45 stones (quivered)
Jewellery
 g - an amulet of rage (around mantle)
 v - a ring of positive energy (left tentacle)
Wands
 t - a wand of magic darts (42/48)
Scrolls
 e - 3 scrolls of teleportation {!r}
 y - a scroll of random uselessness {unknown}
Potions
 c - 2 potions of haste {!q}
 l - 2 potions of flight
 m - a potion of heal wounds {unknown}
 q - a potion of brilliance {unknown}
 x - a potion of curing {unknown}
Comestibles
 f - 3 bread rations {!e}
 n - a beef jerky
 o - a slice of pizza
 p - 7 fruits
 r - 10 chunks of flesh
 s - a royal jelly


   Skills:
 + Level 3.0 Fighting
 * Level 4.2 Crossbows
 + Level 2.2 Dodging
 + Level 3.2 Stealth
   Level 1.0 Shields
   Level 1.0 Conjurations
   Level 2.0 Summonings


You had 4 spell levels left.
You didn't know any spells.

Dungeon Overview and Level Annotations

Branches:
Dungeon (3/15)

Altars:
Ashenzari
Makhleb
Pakellas
Ru
Xom
Zin

Annotations:
D:3 exclusions: orc and orc wizard, Sigmund


Innate Abilities, Weirdness & Mutations

You cannot wear most types of armour.
You are amphibious.
You can wear up to eight rings at the same time.
You can use your tentacles to constrict eight enemies at once.
Your skin changes colour to match your surroundings (Stealth).
Your rubbery body absorbs attacks (AC +1).


Message History

Damage: 5 (max 5)
You hit something. Your squeeze misses something. Something barely misses you.
You hear some strange, mumbled words.
A puff of frost appears from out of thin air!
The puff of frost hits you!
* * * LOW HITPOINT WARNING * * *
Damage: 7 (max 7)
You barely miss something. Your squeeze misses something. Something hits you.
* * * LOW HITPOINT WARNING * * *
Damage: 2 (max 7) Drink which item? (? for menu, Esc to quit)
Really quaff
k - a potion of ambrosia {!q}?
You are confused.
You feel invigorated.
You hear some strange, mumbled words.
A puff of flame appears from out of thin air!
The puff of flame hits you!
* * * LOW HITPOINT WARNING * * *
Something hits you but does no damage.
You hit something but do no damage. Something hits you.
* * * LOW HITPOINT WARNING * * *
Damage: 3 (max 7)
You bump into the rock wall.
Something hits you but does no damage.
You hear some strange, mumbled words.
A magic dart appears from out of thin air!
The magic dart hits you!
* * * LOW HITPOINT WARNING * * *
Damage: 1 (max 1) Drink which item? (? for menu, Esc to quit)
Really quaff
c - 3 potions of haste {!q}?
You feel yourself speed up. Something hits you.
* * * LOW HITPOINT WARNING * * *
You are very lightly contaminated with residual magic.
Damage: 1 (max 1) Unknown command.
You bump into the rock wall.
Something hits you.
* * * LOW HITPOINT WARNING * * *
An orc wizard appears from thin air!
Reactivating autopickup.
The orc wizard casts a spell.
The orc wizard flickers and vanishes!
Deactivating autopickup; reactivate with Ctrl-A.
Something hits you.
* * * LOW HITPOINT WARNING * * *
Damage: 1 (max 1)
You miss something.
You hear some strange, mumbled words.
A puff of frost appears from out of thin air!
The puff of frost hits you!
You die...

.#.###.#########.##
.#.# #.##<# #.#
.#.# #.##.# #.#
.#.# #.##.# #.#
.#.###.##.######.##
.#.....##.........#
###################
.........(.(((.{..#
################@##
# #.# # #.# # #.# #
#.# # #.# #### #.#
...# #.# ...# #.#


There were no monsters in sight!

Vanquished Creatures
  The ghost of George the Chopper, a weakling HOGl (D:3)
  2 adders
  3 worms
  3 giant geckos
  5 orcs (D:3)
  3 giant cockroaches (D:2)
  12 hobgoblins
  3 jackals (D:3)
  3 ball pythons
  7 bats
  4 giant newts
  9 goblins
  14 kobolds
  A quokka (D:2)
  9 rats
79 creatures vanquished.

Notes
Turn   | Place    | Note
--------------------------------------------------------------
     0 | D:1      | Gorice the Octopode Wanderer began the quest for the Orb.
     0 | D:1      | Gorice set off with: a +2 dagger, a potion of haste {!q}, a +0 hand crossbow, 24 bolts, a scroll of teleportation {!r}, a bread ration {!e}
     0 | D:1      | Reached XP level 1. HP: 14/14 MP: 1/1
   220 | D:1      | Reached XP level 2. HP: 19/19 MP: 2/2
   508 | D:1      | Reached skill level 2 in Stealth
   817 | D:2      | Reached skill level 1 in Dodging
   817 | D:2      | Reached XP level 3. HP: 25/25 MP: 3/3
  1085 | D:2      | Found a sacrificial altar of Ru.
  1212 | D:2      | Found a shattered altar of Ashenzari.
  1332 | D:2      | Found a shimmering altar of Xom.
  1744 | D:2      | Reached XP level 4. HP: 30/30 MP: 4/4
  1929 | D:3      | Noticed Sigmund
  2047 | D:3      | Noticed George's ghost (weakling HOGl)
  2131 | D:3      | Killed George's ghost
  2131 | D:3      | Reached skill level 4 in Crossbows
  2131 | D:3      | Reached skill level 3 in Stealth
  2188 | D:3      | Reached skill level 2 in Dodging
  2209 | D:3      | Reached XP level 5. HP: 33/36 MP: 5/5
  2348 | D:3      | Found a burning altar of Makhleb.
  2348 | D:3      | Noticed a cacodemon
  2349 | D:3      | Found a glowing silver altar of Zin.
  2349 | D:3      | Noticed an angel
  2371 | D:3      | Found an oddly glowing altar of Pakellas.
  2462 | D:3      | Reached skill level 3 in Fighting
  3107 | D:3      | HP: 10/36 [something/puff of frost (5)]
  3108 | D:3      | HP: 3/36 [something/puff of frost (7)]
  3109 | D:3      | HP: 1/36 [something (2)]
  3114 | D:3      | HP: 4/36 [something (6)]
  3117 | D:3      | Killed from afar by an orc wizard

Vault maps used:
D:1:      dpeg_arrival_central, bh_walls_and_bars
D:2:      xom_butterflies, nicolae_ru_great_annihilating_truth,
          evilmike_ruin_ashenzari
D:3:      grunt_temple_overflow_order_and_chaos_2, lemuel_doored_altar,
          uniq_sigmund

Action                   |  1- 3 |  4- 6 || total
-------------------------+-------+-------++-------
Melee: Dagger            |       |    47 ||    47
 Fire: Hand crossbow     |    96 |    76 ||   172
Throw: Throwing net      |       |     1 ||     1
  Use: Scroll            |     2 |     5 ||     7
       Potion            |       |     2 ||     2
  Eat: Chunk             |     2 |     5 ||     7

Table legend:
 A = Turns spent in this place as a percentage of turns spent in the entire game.
 B = Non-inter-level travel turns spent in this place as a percentage of non-inter-level travel turns spent in the entire game.
 C = Inter-level travel turns spent in this place as a percentage of turns spent in this place.
 D = Turns resting spent in this place as a percentage of non-inter-level travel turns spent in this place.
 E = Turns spent auto-exploring this place as a percentage of non-inter-level travel turns spent in this place.
 F = Non-inter-level travel turns spent in this place divided by the number of levels of this place that you've seen.
                   A       B       C       D       E      F
               +-------+-------+-------+-------+-------+----------------------
         Total | 100.0 | 100.0 |   0.3 |   0.5 |   4.8 | 430.7
       Dungeon | 100.0 | 100.0 |   0.3 |   0.5 |   4.8 | 430.7
               +-------+-------+-------+-------+-------+----------------------

Vault maps used:
D:1:      dpeg_arrival_central, bh_walls_and_bars
D:2:      xom_butterflies, nicolae_ru_great_annihilating_truth,
          evilmike_ruin_ashenzari
D:3:      grunt_temple_overflow_order_and_chaos_2, lemuel_doored_altar,
          uniq_sigmund
